 Dungeon Crawl Stone Soup version 0.31-a0-1036-g31867e1 (webtiles) character file.

Game seed: 15538812551547561127

35068 PurpleRed the Devastator (level 13, -6/70 HPs)
             Began as a Deep Elf Fighter on Nov 18, 2023.
             Was a High Priest of Vehumet.
             Killed from afar by a deep elf pyromancer (17 damage)
             ... with a bolt of fire
             ... summoned by a worldbinder
             ... on level 3 of the Abyss.
             The game lasted 00:58:51 (12200 turns).

PurpleRed the Devastator (Deep Elf Fighter)        Turns: 12200, Time: 00:58:51

Health: -6/70      AC:  9    Str: 13    XL:     13   Next: 45%
Magic:  32/41      EV: 13    Int: 19    God:    Vehumet [*****.]
Gold:   1761       SH:  5    Dex: 14    Spells: 10/38 levels left

rFire   + . .        a - staff of conjuration
rCold   . . .        (no shield)
rNeg    . . .        Y - +0 troll leather armour
rPois   .            (no helmet)
rElec   .            w - +2 cloak
rCorr   .            A - +1 pair of gloves
SInv    .            U - +0 pair of boots
Will    +....        g - amulet of reflection
Stlth   +            m - ring of protection from fire
HPRegen 1.11/turn    K - ring of magical power
MPRegen 0.27/turn

%: reflection
@: mighty
A: no striking features
a: Renounce Religion


You were on level 3 of the Abyss.
You worshipped Vehumet.
Vehumet was extremely pleased with you.
You visited 2 branches of the dungeon, and saw 16 of its levels.
You visited the Abyss 1 time.
You also visited: Sewer.

You collected 1761 gold pieces.

Inventory:

Hand Weapons
 E - a +6 scimitar of freezing
 H - a +3 dagger
Missiles
 f - 12 boomerangs
 r - a curare-tipped dart
 F - 19 poisoned darts (quivered)
 V - 5 javelins
 Z - 2 throwing nets
Armour
 j - a +0 buckler
 k - a +0 leather armour
 l - a +0 ring mail
 s - a +2 robe of cold resistance
 v - a +0 robe
 w - a +2 cloak (worn)
 y - a +0 scale mail
 A - a +1 pair of gloves (worn)
 C - a +1 buckler of resistance
 G - a +1 robe
 M - +0 steam dragon scales
 R - +1 steam dragon scales
 U - a +0 pair of boots (worn)
 Y - a +0 troll leather armour (worn)
Magical Staves
 a - a staff of conjuration (weapon)
 b - a staff of air
Jewellery
 g - an amulet of reflection (around neck)
 m - a ring of protection from fire (left hand)
 o - a ring of protection from cold
 z - a ring of positive energy
 K - a ring of magical power (right hand)
 S - a +6 ring of dexterity
Wands
 t - a wand of iceblast (23)
 u - a wand of mindburst (32)
 x - a wand of paralysis (33)
 X - a wand of flame (17)
Scrolls
 I - 3 scrolls of blinking
 J - 5 scrolls of teleportation
 L - 4 scrolls of amnesia
 O - a scroll of fog
 T - a scroll of enchant weapon
 W - a scroll of vulnerability
Potions
 c - a potion of magic
 e - 2 potions of brilliance
 h - a potion of attraction
 i - a potion of berserk rage
 n - 2 potions of curing
 p - a potion of resistance
 q - 2 potions of mutation
 B - 3 potions of enlightenment
 D - a potion of haste
 N - 3 potions of invisibility
 P - a potion of heal wounds
 Q - a potion of lignification {unknown}


   Skills:
 - Level 4.2 Fighting
 - Level 2.0 Short Blades
 - Level 2.4 Armour
 - Level 5.0 Dodging
 - Level 2.4 Shields
 + Level 13.4 Spellcasting
 * Level 16.6 Conjurations
 + Level 10.4 Fire Magic
 - Level 7.2 Air Magic
 - Level 3.0 Earth Magic


You had 10 spell levels left.
You knew the following spells:

 Your Spells              Type           Power      Damage    Failure   Level
a - Sticky Flame          Conj/Fire      77%        2d9       1%          4
b - Static Discharge      Conj/Air       100%       3-8/arc   1%          2
c - Airstrike             Air            20%        2d(3-19)  1%          4
d - Searing Ray           Conj           100%       2d8       0%          2
e - Stone Arrow           Conj/Erth      100%       3d13      1%          3
f - Starburst             Conj/Fire      38%        6d11      1%          6
g - Orb of Destruction    Conj           42%        9d12      1%          7

Your spell library contained the following spells:

 Spells                   Type           Power      Damage    Failure   Level
 Plasma Beam              Fire/Air       23%        2x1d35    7%          6
 Magic Dart               Conj           100%       1d8       0%          1
 Shock                    Conj/Air       100%       1d9       1%          1
 Momentum Strike          Conj/Tloc      100%       3d10      1%          2
 Dazzling Flash           Conj/Hex       100%       N/A       1%          3
 Mephitic Cloud           Conj/Pois/Air  59%        N/A       1%          3
 Swiftness                Air            40%        N/A       1%          3
 Volatile Blastmotes      Fire/Tloc      64%        2d15      1%          3
 Passwall                 Tmut/Erth      15%        N/A       5%          2
 Blink                    Tloc           24%        N/A       10%         2
 Call Imp                 Summ           24%        N/A       10%         2
 Ensorcelled Hibernation  Hex/Ice        24%        N/A       10%         2
 Lesser Beckoning         Tloc           24%        N/A       10%         2
 Summon Lightning Spire   Summ/Air       26%        N/A       16%         4
 Summon Guardian Golem    Hex/Summ       12%        N/A       21%         3
 Animate Armour           Summ/Erth      36%        N/A       34%         4
 Spellforged Servitor     Conj/Summ      30%        N/A       41%         7
 Manifold Assault         Tloc           12%        N/A       54%         4
 Lehudib's Crystal Spear  Conj/Erth      33%        10d8      86%         8
 Maxwell's Capacitive Co  Air            20%        ∞         99%         8


Dungeon Overview and Level Annotations

Branches:
Dungeon (15/15)            Temple (1/1) D:4            Lair (0/5) D:9
    Orc (0/2) D:10         Vaults (0/5) D:14          Sewer (visited)
 Depths: D:15

Altars:
Ashenzari
Cheibriados
Dithmenos
Elyvilon
Fedhas
Gozag
Hepliaklqana
Kikubaaqudgha
Makhleb
Nemelex Xobeh
Okawaru
Qazlal
Ru
Sif Muna
Trog
Uskayaw
Vehumet
Wu Jian
Xom
Yredelemnul
Zin
The Shining One

Annotations:
D:10 exclusion: obsidian statue
D:15 Louise


Message History

The worldbinder is struck by an arc of lightning!
The worldbinder is moderately damaged.
You are struck by an arc of lightning.
The deep elf pyromancer is struck by an arc of lightning.
The deep elf pyromancer is lightly wounded.
The lightning grounds out.
The hell hog is struck by an arc of lightning.
The hell hog is heavily wounded.
The deep elf pyromancer is struck by an arc of lightning.
The deep elf pyromancer is lightly wounded.
The lightning grounds out.
The small abomination is struck by an arc of lightning.
The small abomination is lightly damaged.
You are struck by an arc of lightning.
The deep elf pyromancer is struck by an arc of lightning!
The deep elf pyromancer is moderately wounded.
The lightning grounds out.
The deep elf pyromancer disappears in a puff of smoke!
You block the hell hog's attack. The worldbinder hits you.
The worldbinder hits you but does no damage.
The small abomination hits you.
The hell hog bites you but does no damage.
The deep elf pyromancer gestures wildly while chanting.
Blink to where?
Press: ? - help, Dir - move target A wretched star comes into view.
As you read the scroll of blinking, it crumbles to dust.
The deep elf zephyrmancer gestures at you while chanting.
The bolt of lightning hits you!!
* * * LOW HITPOINT WARNING * * *
Something shouts, "Decamp, thou dankish spleeny mendicant!"
You hear a shout!
You hear a roar!
You hear a shout!
Blink to where?
Press: ? - help, Dir - move target
As you read the scroll of blinking, it crumbles to dust.
The deep elf pyromancer gestures wildly while chanting.
The deep elf pyromancer blinks!
The deep elf pyromancer gestures at you while chanting.
The bolt of fire hits you! You resist.
You die...

####### # #..
..# .
#.#.....##.##
#....§..# #..
#.##....###.##
##..*..#....#
#.Eex..#.#.##
#☼..#....#@#
#E.e##.....#
#.☼x ##.####
#h Xe.#.
#.†.X.#
##.†e..#
#..##### #.###
###


You could see a large abomination and 2 deep elf pyromancers.

Vanquished Creatures
  A great orb of eyes (Abyss:3)
  A rakshasa (D:14)
  5 centaur warriors
  A boulder beetle (D:14)
  A two-headed ogre (D:11)
  3 hell hogs (Abyss:3)
  An occultist (D:12)
  A wretched star (Abyss:3)
  A sixfirhy (Abyss:3)
  3 skeletal warriors (D:12)
  A mana viper (Abyss:3)
  A deep elf pyromancer (D:14)
  3 ugly things
  4 manticores
  A cyclops (D:11)
  A large abomination (Abyss:3)
  Maggie (D:8)
  2 gargoyles
  A tengu conjurer (D:11)
  Psyche (D:9)
  A komodo dragon (D:13)
  2 hornets
  6 trolls
  A meliai (Abyss:3)
  Sigmund (D:2)
  3 slime creatures (D:12)
  2 shadows (D:11)
  A vampire (D:9)
  A wyvern (D:9)
  A centaur simulacrum (D:14)
  8 yaks
  A steam dragon (D:6)
  4 humans (D:6)
  5 vampire mosquitoes
  Menkaure (D:4)
  4 ice beasts
  2 black bears (D:5)
  9 orc warriors
  A sky beast (D:7)
  2 wolves (D:9)
  8 centaurs
  Blork the orc (D:5)
  2 gnoll sergeants
  4 bullfrogs
  2 scorpions
  13 wights
  7 killer bees
  6 electric eels
  8 howler monkeys
  A quasit (D:6)
  5 hounds
  3 jellies
  10 orc priests
  An iguana (D:6)
  13 orc wizards
  8 adders
  10 gnolls
  2 river rats (D:5)
  2 shadow imps
  3 white imps
  4 ufetubi
  2 worms
  3 dart slugs
  53 orcs
  10 ball pythons
  9 endoplasms
  11 giant cockroaches
  12 goblins
  11 hobgoblins
  4 jackals (D:1)
  9 kobolds
  6 quokkas
  2 bats
  11 frilled lizards
  5 rats
351 creatures vanquished.

Vanquished Creatures (others)
  A kobold brigand (D:6)
1 creature vanquished.

Grand Total: 352 creatures vanquished

Notes
Turn   | Place    | Note
-------+----------+-------------------------------------------
     0 | D:1      | PurpleRed the Deep Elf Fighter began the quest for the Orb.
     0 | D:1      | Reached XP level 1. HP: 13/13 MP: 3/3
   130 | D:1      | Reached skill level 1 in Spellcasting
   150 | D:1      | Reached XP level 2. HP: 16/18 MP: 7/7
   427 | D:1      | Found a shadowy altar of Dithmenos.
   461 | D:2      | Reached XP level 3. HP: 22/22 MP: 10/10
   828 | D:2      | Noticed Sigmund
   904 | D:2      | Killed Sigmund
   905 | D:2      | Reached XP level 4. HP: 14/27 MP: 12/15
   905 | D:2      | Reached XP level 5. HP: 16/31 MP: 12/16
  1059 | D:2      | Learned a level 1 spell: Shock
  1244 | D:3      | Found a snail-covered altar of Cheibriados.
  1275 | D:3      | Identified the amulet "Niamab" {Spirit Fragile rC+ Will+
                  | Dex+3}
  1318 | D:3      | Reached skill level 1 in Air Magic
  1318 | D:3      | Reached XP level 6. HP: 33/36 MP: 16/18
  2053 | D:4      | Learned a level 4 spell: Airstrike
  2096 | D:4      | Found a staircase to the Ecumenical Temple.
  2256 | Temple   | Entered the Ecumenical Temple
  2256 | Temple   | Noticed a rust devil
  2256 | Temple   | Noticed a reaper
  2256 | Temple   | Noticed a red devil
  2257 | Temple   | Noticed Qiff the pandemonium lord
  2257 | Temple   | Noticed Nyffyceu the pandemonium lord
  2258 | Temple   | Noticed an Ice Fiend
  2260 | Temple   | Noticed Kaurin the pandemonium lord
  2273 | Temple   | Became a worshipper of Vehumet
  2514 | D:4      | Reached XP level 7. HP: 38/40 MP: 6/19
  2531 | D:4      | Noticed Menkaure
  2690 | D:4      | Reached skill level 5 in Air Magic
  2715 | D:5      | Entered Level 5 of the Dungeon
  2805 | D:4      | Killed Menkaure
  3072 | D:5      | Reached * piety under Vehumet
  3072 | D:5      | Offered knowledge of Kiss of Death by Vehumet.
  3078 | D:5      | Found a glowing drain.
  3082 | Sewer    | Entered a sewer
  3308 | Sewer    | Reached XP level 8. HP: 39/45 MP: 3/21
  3412 | D:5      | Reached skill level 1 in Dodging
  3412 | D:5      | Reached skill level 1 in Conjurations
  3514 | D:5      | Reached skill level 2 in Conjurations
  3702 | D:5      | You fall into a shaft and drop 2 floors!
  3730 | D:6      | Reached ** piety under Vehumet
  3808 | D:6      | Reached skill level 3 in Conjurations
  3843 | D:6      | Offered knowledge of Searing Ray by Vehumet.
  3855 | D:6      | Learned a level 2 spell: Searing Ray
  3939 | D:6      | Reached skill level 4 in Conjurations
  4146 | D:6      | Learned a level 2 spell: Static Discharge
  4165 | D:5      | Reached skill level 5 in Conjurations
  4234 | D:5      | Reached XP level 9. HP: 44/49 MP: 9/23
  4546 | D:5      | Learned a level 3 spell: Stone Arrow
  4685 | D:5      | Identified a scroll of acquirement
  4685 | D:5      | Identified the of Fazxifed (You acquired it on level 5 of
                  | the Dungeon)
  4750 | D:5      | Noticed Blork the orc
  4755 | D:5      | Killed Blork the orc
  4919 | D:6      | Reached skill level 1 in Earth Magic
  4921 | D:6      | Reached skill level 6 in Conjurations
  4921 | D:6      | Offered knowledge of Inner Flame by Vehumet.
  4940 | D:6      | Reached skill level 5 in Dodging
  5226 | D:6      | Reached skill level 7 in Conjurations
  5349 | D:6      | Reached *** piety under Vehumet
  5864 | D:7      | Reached skill level 10 in Spellcasting
  5865 | D:7      | Found a shadowy altar of Dithmenos.
  5873 | D:7      | Found a shimmering altar of Xom.
  5896 | D:7      | Reached skill level 8 in Conjurations
  6175 | D:7      | Reached XP level 10. HP: 54/54 MP: 22/26
  6513 | D:8      | Noticed Maggie
  6518 | D:8      | Killed Maggie
  6523 | D:8      | Offered knowledge of Sticky Flame by Vehumet.
  6532 | D:8      | Learned a level 4 spell: Sticky Flame
  6648 | D:8      | Reached skill level 9 in Conjurations
  6804 | D:8      | Reached skill level 1 in Fire Magic
  7610 | D:9      | Reached **** piety under Vehumet
  7624 | D:9      | Reached skill level 10 in Conjurations
  7848 | D:9      | Found a staircase to the Lair.
  7849 | D:9      | Noticed Psyche
  7857 | D:9      | Killed Psyche
  7914 | D:9      | Reached skill level 11 in Conjurations
  7930 | D:9      | Offered knowledge of Yara's Violent Unravelling by Vehumet.
  8567 | D:10     | Entered Level 10 of the Dungeon
  8567 | D:10     | Found a hazy altar of Hepliaklqana.
  8599 | D:10     | Found a staircase to the Orcish Mines.
  8697 | D:10     | Reached skill level 5 in Fire Magic
  8874 | D:10     | Noticed an obsidian statue
  8901 | D:11     | Learned a level 6 spell: Starburst
  9094 | D:11     | Reached skill level 13 in Conjurations
  9094 | D:11     | Reached XP level 11. HP: 61/61 MP: 28/28
  9115 | D:11     | Reached XP level 12. HP: 66/66 MP: 27/29
  9349 | D:11     | Noticed a two-headed ogre
  9356 | D:11     | Killed a two-headed ogre
  9780 | D:11     | Reached skill level 14 in Conjurations
  9847 | D:11     | Learned a level 7 spell: Orb of Destruction
 10020 | D:12     | Acquired 1040 gold pieces
 10022 | D:12     | Acquired a staff of conjuration
 10129 | D:12     | Noticed a centaur warrior
 10132 | D:12     | Killed a centaur warrior
 10397 | D:12     | Reached skill level 15 in Conjurations
 10484 | D:12     | Reached ***** piety under Vehumet
 10579 | D:12     | Offered knowledge of Plasma Beam by Vehumet.
 11022 | D:13     | Noticed a centaur warrior
 11042 | D:13     | Killed a centaur warrior
 11390 | D:13     | Reached XP level 13. HP: 70/70 MP: 31/31
 11668 | D:14     | Found a gate to the Vaults.
 11780 | D:14     | Reached skill level 16 in Conjurations
 11798 | D:14     | Reached skill level 10 in Fire Magic
 11946 | D:15     | Entered Level 15 of the Dungeon
 11946 | D:15     | Noticed Louise
 11950 | Abyss:3  | Found a corrupted altar of Lugonu.
 11950 | Abyss:3  | Found a corrupted altar of Lugonu.
 11950 | Abyss:3  | Cast into level 3 of the Abyss (Louise)
 11981 | Abyss:3  | Noticed a dread lich
 12200 | Abyss:3  | Killed from afar by a deep elf pyromancer

Illustrated notes

Levels and vault maps discovered:
D:1:      sevenhm_arrival_forest_fort_small_6, layout_basic, st_stairs_6,
          feat_on_display
D:2:      layout_basic, uniq_sigmund
D:3:      layout_basic, mainiacjoe_overflow_concentric_impassable,
          nicolae_houndstooth_variations
D:4:      layout_rooms, temple_fountains, uniq_menkaure
D:5:      layout_loops_ring, gup_sewer_entry_spiral, uniq_blork_the_orc
D:6:      layout_loops_ring, serial_demonic, serial_demonic_g, serial_demonic_c,
          serial_demonic_c, serial_demonic_c, minmay_ruffians
D:7:      layout_gridville, nicolae_overflow_squiral, minivault_14
D:8:      layout_basic, uniq_maggie
D:9:      layout_irregular_city, erik_lair_island, uniq_psyche
D:10:     layout_irregular_city, mainiacjoe_overflow_boulevard, orc_0_dummy,
          minmay_protected_statue
D:11:     layout_basic
D:12:     layout_rooms, special_room [special_room_orc]
D:13:     layout_long_grid
D:14:     hellmonk_ruined_rings, layout_cave_pods,
          hellmonk_vaults_attempted_burglary, dk_noncrumbling_2
D:15:     hangedman_depths_entry_civil_slaughter, layout_stronghold,
          hangedman_abyss_or_decor_passed, tgw_sif, uniq_louise
Temple:   nicolae_temple_panitentiary
Abyss:3:  base: D:13, base: D:12, evilmike_abyss_exit_glass,
          grunt_abyss_rune_wretched_hive

Skill      XL: |  1  2  3  4  5  6  7  8  9 10 11 12 13 |
---------------+----------------------------------------+-----
Spellcasting   | 2 3 7 8 10 11 12 13 | 13.4
Air Magic      | 1 4 7 |  7.2
Dodging        | 4 5 |  5.0
Conjurations   | 5 8 13 15 16 | 16.6
Earth Magic    | 3 |  3.0
Fire Magic     | 6 9 10 | 10.4
Fighting       | 4 |  4.2
Short Blades   | |  2.0
Armour         | |  2.4
Shields        | |  2.4

Action                     |  1- 3 |  4- 6 |  7- 9 | 10-12 | 13-15 || total
---------------------------+-------+-------+-------+-------+-------++-------
  Melee: Rapier            |    37 |       |       |       |       ||    37
         Dagger            |    61 |   130 |    87 |    48 |    16 ||   342
         Staff             |       |       |    48 |    66 |     2 ||   116
         Scimitar          |       |       |     6 |       |       ||     6
         Mace              |       |       |     3 |       |       ||     3
         Punch             |       |       |     1 |     3 |       ||     4
  Throw: Dart              |       |       |       |    16 |       ||    16
         Javelin           |       |       |       |     5 |       ||     5
   Cast: Shock             |       |    35 |    22 |       |       ||    57
         Airstrike         |       |     3 |    65 |    76 |     4 ||   148
         Searing Ray       |       |       |    17 |    10 |       ||    27
         Static Discharge  |       |       |    16 |    19 |     8 ||    43
         Stone Arrow       |       |       |    14 |    64 |    11 ||    89
         Sticky Flame      |       |       |       |     2 |       ||     2
         Orb of Destructio |       |       |       |    20 |    11 ||    31
         Starburst         |       |       |       |     8 |    17 ||    25
  Evoke: Wand              |       |       |       |       |    10 ||    10
    Use: Scroll            |       |       |    12 |    13 |     5 ||    30
         Potion            |       |       |       |     1 |     9 ||    10
   Stab: Sleeping          |       |     1 |     1 |       |       ||     2
         Paralysed         |       |       |       |       |     7 ||     7
 Armour: Scale mail        |    63 |    80 |       |       |       ||   143
         Robe              |       |    10 |   115 |       |       ||   125
         Skin              |       |     2 |       |       |       ||     2
         Steam dragon scal |       |       |    10 |   105 |       ||   115
         Troll leather arm |       |       |       |    48 |    91 ||   139
  Dodge: Dodged            |    40 |    48 |   143 |    88 |    40 ||   359
  Block: Buckler           |    14 |    21 |       |       |       ||    35
         Other             |       |       |    25 |    34 |    17 ||    76
         Reflection        |       |       |     1 |     4 |     3 ||     8

Table legend: (Time is in decaauts)
 A = Elapsed time spent in this place.
 B = Non-inter-level travel time spent in this place.
 C = Inter-level travel time spent in this place.
 D = Time resting spent in this place.
 E = Time spent auto-exploring this place.
 F = Levels seen in this place.
 G = Mean time per level.
                   A        B        C        D        E       F      G
               +--------+--------+--------+--------+--------+-----+--------+
         Total |  12266 |  12026 |    240 |    473 |   7347 |  18 |  681.4 |
       Dungeon |  11706 |  11466 |    240 |    404 |   7347 |  15 |  780.4 |
        Temple |     34 |     34 |      0 |      0 |      0 |   1 |   34.0 |
         Abyss |    247 |    247 |      0 |     69 |      0 |   1 |  247.0 |
         Sewer |    277 |    277 |      0 |      0 |      0 |   1 |  277.0 |
               +--------+--------+--------+--------+--------+-----+--------+

Top non-repeatable levels by time:
     D:6: 1323 daAuts
     D:5: 1220 daAuts
     D:9: 1151 daAuts
    D:12: 995 daAuts
    D:11: 976 daAuts
     D:3: 969 daAuts
     D:8: 915 daAuts
     D:4: 811 daAuts
     D:7: 801 daAuts
    D:13: 711 daAuts
     D:2: 673 daAuts
     D:1: 455 daAuts
    D:14: 371 daAuts
    D:10: 324 daAuts
   Sewer: 277 daAuts
